 Dungeon Crawl Stone Soup version 0.28-a0-863-g8cecda6153 (webtiles) character file.

Game seed: 11714495954382152253

81 Ninjinzu the Firebug (level 4, -1/34 HPs)
             Began as a Draconian Fire Elementalist on Nov 17, 2021.
             Slain by an adder (4 damage)
             ... on level 2 of the Dungeon.
             The game lasted 00:09:28 (1516 turns).

Ninjinzu the Firebug (Draconian Fire Elementalist)  Turns: 1516, Time: 00:09:28

Health: -1/34      AC:  9    Str: 16    XL:     4   Next: 20%
Magic:  3/7        EV: 12    Int: 16    God:
Gold:   44         SH:  0    Dex: 12    Spells: 6/7 levels left

rFire   . . .      SeeInvis .   c - +0 short sword
rCold   . . .      Faith    .   (no shield)
rNeg    . . .      Spirit   .   (armour unavailable)
rPois   .          Reflect  .   (helmet restricted)
rElec   .          Harm     .   (no cloak)
rCorr   .          Rampage  .   (no gloves)
Will    .....                   (no boots)
Stlth   ++........              (no amulet)
HPRegen 0.11/turn               b - +6 ring of strength
MPRegen 0.10/turn               i - +4 ring of protection

@: very slightly contaminated
A: AC +5, unfitting armour, cold-blooded
a: no special abilities


You were on level 2 of the Dungeon.
You visited 1 branch of the dungeon, and saw 2 of its levels.

You collected 44 gold pieces.

Inventory:

Hand Weapons
 c - a +0 short sword (weapon)
Magical Staves
 m - a staff of fire
Jewellery
 b - a +6 ring of strength (left hand)
 i - a +4 ring of protection (right hand)
Scrolls
 a - a scroll of identify
 e - a scroll of noise {unknown}
 g - a scroll of enchant armour {unknown}
 j - a scroll of magic mapping {unknown}
 k - a scroll of immolation {unknown}
Potions
 d - a potion of magic
 f - a potion of resistance {unknown}
 l - a potion of degeneration {unknown}


   Skills:
 + Level 0.3 Fighting
 + Level 0.8 Short Blades
 + Level 2.3 Dodging
 + Level 2.2 Stealth
 + Level 0.6 Unarmed Combat
 + Level 2.4 Spellcasting
 + Level 1.7 Conjurations
 + Level 3.5 Fire Magic


You had 6 spell levels left.
You knew the following spells:

 Your Spells              Type           Power      Damage    Failure   Level
a - Foxfire               Conj/Fire      40%        2x1d6     7%          1

Your spell library contained the following spells:

 Spells                   Type           Power      Damage    Failure   Level
 Scorch                   Fire           26%        2d6       7%          2
 Conjure Flame            Conj/Fire      10%        6-21      21%         3
 Inner Flame              Hex/Fire       7%         N/A       28%         3
 Flame Wave               Conj/Fire      10%        3d4       56%         4


Dungeon Overview and Level Annotations

Branches:
Dungeon (2/15)

Altars:

Annotations:
D:2 Terence


Innate Abilities, Weirdness & Mutations

Your plain brown scales are hard. (AC +5)
You cannot fit into any form of body armour.
You are cold-blooded and may be slowed by cold attacks.


Message History

The goblin shouts!
Casting: Foxfire (safe; 7% risk of failure)
Confirm with . or Enter, or press ? or * to list all spells.
You conjure some foxfire!
The foxfire hits the goblin.
You kill the goblin!
The foxfire hits Terence but does no damage.
Terence is lightly wounded.
An adder comes into view.
Things that are here:
a +0 dagger; a goblin corpse The adder hisses angrily.
The adder bites you but does no damage.
Casting: Foxfire (safe; 7% risk of failure)
Confirm with . or Enter, or press ? or * to list all spells.
You conjure some foxfire!
The adder barely misses you.
The foxfire hits the adder.
The adder is heavily wounded.
The foxfire hits the adder.
The adder is severely wounded.
Casting: Foxfire (safe; 7% risk of failure)
Confirm with . or Enter, or press ? or * to list all spells.
You miscast Foxfire.
You are very lightly contaminated with residual magic.
Nothing appears to happen.
The adder bites you.
* * * LOW HITPOINT WARNING * * *
The adder bites you but does no damage.
Casting: Foxfire (safe; 7% risk of failure)
Confirm with . or Enter, or press ? or * to list all spells.
You don't know that spell.
Casting: Foxfire (safe; 7% risk of failure)
Confirm with . or Enter, or press ? or * to list all spells.
You conjure some foxfire!
The adder bites you but does no damage.
Unknown command.
Your foxfire dissipates!
The foxfire hits the adder.
The adder is almost dead.
Casting: Foxfire (safe; 7% risk of failure)
Confirm with . or Enter, or press ? or * to list all spells.
You conjure some foxfire!
The adder bites you.
You die...

........#...@...# #.....
#.#############.#######.....
..#.##....'.....
#.#.##.####.....
#.#)##..........
#######.#.#####.##+#..
.......@............>.
#########.#.#.##.###.#.#
#.....v@S.#.#........#.#
#.#########+#..#.###.#.#
#.#.# #..........#.#...#.#
#.#.# #..........#.#......
#.#.# #........###.#####.#
###.#.###...................
#.......................##.#
#.......#............##.##รท.
#.......###############.##.#


You could see an adder (ally target).

Vanquished Creatures
  3 adders (D:2)
  3 dart slugs
  4 ball pythons
  3 endoplasms
  8 goblins
  6 hobgoblins
  3 jackals (D:2)
  5 kobolds
  2 quokkas
  3 bats (D:1)
  2 rats
42 creatures vanquished.

Vanquished Creatures (others)
  60 foxfires
60 creatures vanquished.

Grand Total: 102 creatures vanquished

Notes
Turn   | Place    | Note
-------+----------+-------------------------------------------
     0 | D:1      | Ninjinzu the Draconian Fire Elementalist began the quest
                  | for the Orb.
     0 | D:1      | Reached XP level 1. HP: 14/14 MP: 3/3
   156 | D:1      | Reached XP level 2. HP: 20/20 MP: 1/5
   649 | D:1      | Reached XP level 3. HP: 26/26 MP: 4/6
  1282 | D:2      | Reached XP level 4. HP: 26/34 MP: 7/7
  1464 | D:2      | Noticed Terence
  1516 | D:2      | Slain by an adder

Illustrated notes

Levels and vault maps discovered:
D:1:      dpeg_arrival_short_road, layout_rooms
D:2:      layout_basic, hellmonk_ecumenical_altar_zigzags, uniq_terence

Skill      XL: |  1  2 |
---------------+-------+-----
Dodging        | 2 |  2.3
Stealth        | 2 |  2.2
Fighting       | |  0.3
Short Blades   | |  0.8
Unarmed Combat | |  0.6
Spellcasting   | |  2.4
Conjurations   | |  1.7
Fire Magic     | |  3.5

Action                   |  1- 3 |  4- 6 || total
-------------------------+-------+-------++-------
Melee: Unarmed           |     2 |       ||     2
       Short sword       |    78 |    14 ||    92
       Tailslap          |     5 |       ||     5
 Cast: Foxfire           |    39 |    10 ||    49
  Use: Scroll            |       |     2 ||     2
       Potion            |       |     1 ||     1
Armor: Skin              |    46 |    11 ||    57
Dodge: Dodged            |    74 |     9 ||    83

Table legend: (Time is in decaauts)
 A = Elapsed time spent in this place.
 B = Non-inter-level travel time spent in this place.
 C = Inter-level travel time spent in this place.
 D = Time resting spent in this place.
 E = Time spent auto-exploring this place.
 F = Levels seen in this place.
 G = Mean time per level.
                   A        B        C        D        E       F      G
               +--------+--------+--------+--------+--------+-----+--------+
         Total |   1521 |   1521 |      0 |      0 |    982 |   2 |  760.5 |
       Dungeon |   1521 |   1521 |      0 |      0 |    982 |   2 |  760.5 |
               +--------+--------+--------+--------+--------+-----+--------+

Top non-repeatable levels by time:
     D:1: 817 daAuts
     D:2: 704 daAuts
